 Dungeon Crawl Stone Soup version 0.30.1-9-gdf580d7c3d (webtiles) character file.

Game seed: 13078439309685074085

172 Dillybarz the Shield-Bearer (level 5, -1/47 HPs)
             Began as a Minotaur Fighter on Oct 10, 2023.
             Slain by Pikel
             ... wielding a +2 whip of electrocution
              (9 damage)
             ... on level 4 of the Dungeon.
             The game lasted 00:08:03 (2440 turns).

Dillybarz the Shield-Bearer (Minotaur Fighter)      Turns: 2440, Time: 00:08:03

Health: -1/47      AC:  9    Str: 23    XL:     5   Next: 27%
Magic:  4/4        EV:  8    Int:  5    God:
Gold:   86         SH:  4    Dex:  9    Spells: 4/4 levels left

rFire   . . .        a - +0 war axe
rCold   . . .        c - +0 buckler
rNeg    . . .        f - +0 chain mail
rPois   .            (helmet restricted)
rElec   .            (no cloak)
rCorr   .            (no gloves)
SInv    .            (no boots)
Will    .....        (no amulet) Stlth
                     (no ring)
HPRegen 0.27/turn    (no ring)
MPRegen 0.09/turn

%: no passive effects
@: no status effects
A: horns 2, retaliatory headbutt
a: no special abilities


You were on level 4 of the Dungeon.
You visited 1 branch of the dungeon, and saw 4 of its levels.

You collected 86 gold pieces.

Inventory:

Hand Weapons
 a - a +0 war axe (weapon)
Missiles
 g - 3 atropa-tipped darts (quivered)
 i - 26 stones
 q - 5 poisoned darts
Armour
 c - a +0 buckler (worn)
 f - a +0 chain mail (worn)
Wands
 o - a wand of light (10)
Scrolls
 k - 5 scrolls of vulnerability
 l - a scroll of noise
Potions
 d - a potion of might
 h - a potion of haste
 j - 2 potions of brilliance {unknown}


   Skills:
 + Level 4.5 Fighting
 * Level 4.5 Axes
 + Level 4.6 Armour
 + Level 4.6 Shields


You had 4 spell levels left.
You didn't know any spells.
Your spell library contained the following spells:

 Spells                   Type           Power      Damage    Failure   Level
 Portal Projectile        Hex/Tloc       0%         N/A       100%        3
 Tukima's Dance           Hex            0%         N/A       100%        3
 Blade Hands              Tmut           0%         N/A       100%        5


Dungeon Overview and Level Annotations

Branches:
Dungeon (4/15)
 Temple: D:4-7

Altars:
Fedhas
Zin

Annotations:
D:4 Pikel


Innate Abilities, Weirdness & Mutations

You have a pair of horns on your head.
You reflexively headbutt those who attack you in melee.


Message History

You kill the adder!
Pikel and a lemure come into view.
Pikel is wielding a +2 whip of electrocution.
A lemure comes into view.
A lemure comes into view.
Found an orange potion.
Found an escape hatch in the floor.
The lemure shouts!
Your ball python dissolves into shadows!
You swap places.
Your giant cockroach closely misses Pikel.
Your giant cockroach bites Pikel but does no damage.
Pikel hits your giant cockroach with a +2 whip of electrocution.
Lightning courses through your giant cockroach!
Your giant cockroach dies!
Your giant cockroach's corpse dissolves into shadows!
A lemure comes into view.
Pikel hits you with a +2 whip of electrocution.
You slash Pikel!
Pikel is moderately wounded.
Pikel closely misses you.
Pikel hits you with a +2 whip of electrocution!
You barely miss Pikel. Your headbutt misses Pikel.
Pikel is moderately wounded.
Pikel hits you but does no damage.
You hit Pikel but do no damage.
Pikel is lightly wounded.
You block Pikel's attack.
You closely miss Pikel.
Pikel is lightly wounded.
Pikel hits you with a +2 whip of electrocution!
You are electrocuted!
* * * LOW HITPOINT WARNING * * *
You block Pikel's attack.
You barely miss Pikel. Your headbutt misses Pikel.
Pikel is lightly wounded.
Pikel hits you with a +2 whip of electrocution.
* * * LOW HITPOINT WARNING * * *
Pikel attacks as you move away!
Pikel hits you with a +2 whip of electrocution!
You die...

#.# #.#
.# #.#
.# #w#
.# #.#
.# #.#
.# #.#
.#
#.####.#
#...@K#
######5#
55.
5>...
.....#
###..#
..# .#


You could see Pikel and 2 lemures.

Vanquished Creatures
  An orc wizard (D:3)
  5 adders
  3 worms (D:3)
  3 orcs (D:3)
  4 endoplasms
  3 giant cockroaches
  14 goblins
  7 hobgoblins
  8 jackals
  7 quokkas
  5 ball pythons
  8 bats
  4 frilled lizards
  6 kobolds
  8 rats
86 creatures vanquished.

Notes
Turn   | Place    | Note
-------+----------+-------------------------------------------
     0 | D:1      | Dillybarz the Minotaur Fighter began the quest for the Orb.
     0 | D:1      | Reached XP level 1. HP: 19/19 MP: 0/0
   186 | D:1      | Reached XP level 2. HP: 27/27 MP: 1/1
   799 | D:1      | Reached XP level 3. HP: 33/33 MP: 2/2
  1478 | D:2      | Reached XP level 4. HP: 32/40 MP: 3/3
  1947 | D:3      | Found a glowing silver altar of Zin.
  2005 | D:3      | Reached XP level 5. HP: 47/47 MP: 4/4
  2131 | D:3      | Found a blossoming altar of Fedhas.
  2429 | D:4      | Noticed Pikel
  2429 | D:4      | Noticed a lemure
  2429 | D:4      | Noticed a lemure
  2430 | D:4      | Noticed a lemure
  2433 | D:4      | Noticed a lemure
  2440 | D:4      | Slain by Pikel

Illustrated notes

Levels and vault maps discovered:
D:1:      psy_arrival_conway, layout_basic, serial_aquarium,
          aquarium_bridge_island_small [aquarium_subvault_small_open,
          aquarium_subvault_wall, aquarium_subvault_bridge,
          aquarium_subvault_balcony, aquarium_subvault_bridge],
          aquarium_bridge_square [aquarium_subvault_wall,
          aquarium_subvault_bridge, aquarium_subvault_window,
          aquarium_subvault_bridge], aquarium_window_fake, aquarium_window_1,
          aquarium_view_2e
D:2:      layout_basic
D:3:      layout_basic, zin_treasury, mainiacjoe_overflow_catwalk,
          kennysheep_donut, hangedman_decor_riveting
D:4:      layout_loops_ring, kennysheep_mini, tso_metal_star, uniq_pikel,
          uniq_sigmund

Skill      XL: |  1  2  3  4 |
---------------+-------------+-----
Axes           | 3 4 |  4.5
Shields        | 4 |  4.6
Armour         | 4 |  4.6
Fighting       | 4 |  4.5

Action                     |  1- 3 |  4- 6 || total
---------------------------+-------+-------++-------
  Melee: War axe           |   109 |    82 ||   191
         Headbutt          |    11 |    11 ||    22
    Use: Scroll            |       |     7 ||     7
 Armour: Scale mail        |     7 |       ||     7
         Chain mail        |    57 |    60 ||   117
  Dodge: Dodged            |    35 |    35 ||    70
  Block: Buckler           |    15 |    17 ||    32
